 Dungeon Crawl Stone Soup version 0.29.0-4-gdea44cf6ec (webtiles) character file.

Game seed: 377353775064547426

20465 qw the Brawler (level 12, -1/115 (118) HPs)
             Began as a Troll Cinder Acolyte on Sept 2, 2022.
             Was an Initiate of Ignis.
             Slain by an eight-headed hydra (3 damage)
             ... on level 3 of the Lair of Beasts.
             The game lasted 00:07:41 (11747 turns).

qw the Brawler (Troll Cinder Acolyte)              Turns: 11747, Time: 00:07:42

HP:   -1/115 (118)  AC: 13    Str: 29    XL:     12   Next: 45%
MP:   12/12         EV:  9    Int: 10    God:    Ignis [......]
Gold: 449           SH:  5    Dex:  5    Spells: 13/13 levels left

rFire   + + .      SeeInvis .     - Unarmed
rCold   + . .      Faith    .   (no shield)
rNeg    . . .      Spirit   .   g - +2 steam dragon scales
rPois   +          Reflect  +   (helmet restricted)
rElec   .          Harm     .   i - scarf {rC+ rF+}
rCorr   .          Rampage  .   (gloves unavailable)
Will    .....                   (boots unavailable)
Stlth   +.........              h - amulet of reflection
HPRegen 1.09/turn               j - +4 ring of protection
MPRegen 0.13/turn               p - ring of poison resistance

@: about to teleport, lightly drained
A: large, unfitting armour, claws 3, regeneration 1, shaggy fur 1, tough skin 1,
mutation resistance 1
a: Renounce Religion, Rising Flame


You were on level 3 of the Lair of Beasts.
You worshipped Ignis.
Ignis was noncommittal.
You visited 2 branches of the dungeon, and saw 13 of its levels.

You collected 610 gold pieces.
You spent 161 gold pieces at shops.


Innate Abilities, Weirdness & Mutations

You are too large for most types of armour.
You have claws for hands.
Your natural rate of healing is unusually fast.
You are covered in fur. (AC +1)
You have tough skin. (AC +1)
You are somewhat resistant to further mutation.


   Skills:
 - Level 7.0 Fighting
 - Level 7.0 Throwing
 - Level 2.3 Armour
 - Level 2.4 Dodging
 + Level 17.1 Unarmed Combat
 - Level 1.0 Spellcasting
 - Level 2.1 Fire Magic


You had 13 spell levels left.
You didn't know any spells.
Your spell library contained the following spells:

 Spells                   Type           Power      Damage    Failure   Level
 Scorch                   Fire           8%         2d5       22%         2

Inventory:

Missiles
 d - 11 boomerangs (quivered)
Armour
 g - +2 steam dragon scales (worn)
 i - a scarf of resistance (worn)
 v - a scarf of repulsion
Jewellery
 a - a ring of positive energy
 e - a +6 ring of strength
 h - an amulet of reflection (around neck)
 j - a +4 ring of protection (left claw)
 p - a ring of poison resistance (right claw)
 r - a ring of see invisible
Scrolls
 f - 2 scrolls of enchant weapon
 n - a scroll of torment {unknown}
 o - 7 scrolls of identify
Potions
 b - a potion of ambrosia {unknown}
 c - 6 potions of mutation
 m - 2 potions of haste
 s - 3 potions of might

Dungeon Overview and Level Annotations

Branches:
Dungeon (10/15)            Temple (0/1) D:6            Lair (3/5) D:9
  Swamp (0/4) Lair:2       Spider (0/4) Lair:3          Orc (0/2) D:9

Altars:
Ashenzari
Dithmenos
Hepliaklqana
Ru
Sif Muna
Trog
Vehumet
Xom
Zin

Shops:
D:1 [   D:3 [   D:5 !   D:6 **

Annotations:
D:4 3 runed translucent doors, qw's ghost, amateur TrCA
D:7 2 transporters, Grum; qw's ghost, novice TrCA
D:9 1 runed translucent door


Message History

The hell rat roars deafeningly! x2; The bullfrog gives a loud, deep croak!
You scratch the hell rat. Your claw misses the hell rat.
The hell rat is lightly wounded.
You hear a deafening roar!
A hell rat comes into view.
The hell rat bites you!
You feel drained.
You claw the hell rat!
The hell rat is severely wounded.
You barely miss the hell rat. Your claw misses the hell rat.
The hell rat is severely wounded.
You block the hell rat's attack. The seven-headed hydra bites you.
The seven-headed hydra barely misses you.
The seven-headed hydra bites you but does no damage.
The seven-headed hydra closely misses you.
The seven-headed hydra bites you.
The seven-headed hydra barely misses you.
The seven-headed hydra closely misses you.
You mangle the hell rat!!
You kill the hell rat!
You claw one of the seven-headed hydra's heads off!
The six-headed hydra grows two more!
You eviscerate the eight-headed hydra!!!
You claw the eight-headed hydra.
The eight-headed hydra is heavily wounded.
The eight-headed hydra closely misses you.
The eight-headed hydra bites you but does no damage. x2
The eight-headed hydra bites you. The eight-headed hydra misses you.
The eight-headed hydra bites you!
You block the eight-headed hydra's attack.
The eight-headed hydra bites you!
11747 ||| READING scroll of teleportation.
As you read the scroll of teleportation, it crumbles to dust.
You feel strangely unstable.
The eight-headed hydra bites you but does no damage.
The eight-headed hydra barely misses you.
The eight-headed hydra bites you!
The eight-headed hydra bites you but does no damage.
You block the eight-headed hydra's attack.
The eight-headed hydra bites you.
You die...

.##..### .......
...(.... ....... .......
....... #.$..# .......
#.... ..<.... ##...#
#.r}....
#P#...%##########.r.....
...............D@F.r....
........................
.............>!.........
###.##..#....##....##.##
## #.###.#..#...#.#.#
### ##.......^...#
#...^..^.^..#
#.^.^^^^.^^...# ####
#.^.....^......


You could see an eight-headed hydra, a bullfrog and 3 hell rats.

Vanquished Creatures
  A boulder beetle (D:9)
  A catoblepas (Lair:1)
  A centaur warrior (D:9)
  3 hydras
  Pikel (D:7)
  A cyclops (D:10)
  Joseph (D:7)
  A gargoyle (D:10)
  2 rime drakes
  An unseen horror (D:10)
  An unseen horror (shapeshifter) (D:9)
  A cane toad (Lair:1)
  A troll (D:10)
  2 komodo dragons
  A polar bear (Lair:2)
  3 blink frogs (Lair:3)
  A slime creature (D:10)
  Prince Ribbit (D:7)
  A dream sheep (D:5)
  A centaur simulacrum (D:10)
  4 wraiths (D:9)
  25 yaks
  4 wyverns
  A shadow (D:9)
  Eustachio (D:4)
  2 fire bats (D:9)
  A golden eye (shapeshifter) (D:10)
  A basilisk (Lair:2)
  2 vampire mosquitoes
  3 steam dragons
  An acid dragon (D:8)
  8 water moccasins
  2 ice beasts
  3 orc warriors
  2 black bears
  9 wolves
  4 ogres
  2 centaurs
  4 lemures (D:7)
  4 kobold brigands
  A necrophage (D:7)
  3 scorpions
  7 bullfrogs
  9 wights (D:7)
  10 killer bees
  5 howler monkeys
  An electric eel (Lair:2)
  2 hounds
  5 jellies
  A gnoll bouda (D:9)
  4 orc priests
  5 iguanas
  9 orc wizards
  Natasha (twice) (D:3)
  4 hell rats
  Robin (D:3)
  9 adders
  7 gnolls
  2 shadow imps
  2 white imps
  A worm (D:2)
  34 orcs
  13 bats
  5 endoplasms
  5 giant cockroaches
  12 goblins
  11 hobgoblins
  26 kobolds
  2 quokkas
  4 ball pythons
  4 frilled lizards
  A rat (D:2)
316 creatures vanquished.

Vanquished Creatures (others)
  4 dream sheep (D:5)
  A hobgoblin (D:3)
  A bush (D:9)
  8 fungi
  32 plants
46 creatures vanquished.

Grand Total: 362 creatures vanquished

Notes
Turn   | Place    | Note
-------+----------+-------------------------------------------
     0 | D:1      | qw the Troll Cinder Acolyte began the quest for the Orb.
     0 | D:1      | Reached XP level 1. HP: 22/22 MP: 1/1
     0 | D:1      | 0 ||| qw: Version: 0.1-a-97-g2dd2ca4
     0 | D:1      | 0 ||| qw: Game counter: 4916
     0 | D:1      | 0 ||| qw: Always use a shield: true
     0 | D:1      | 0 ||| qw: God list: Okawaru
     0 | D:1      | 0 ||| qw: Allow faded altars: false
     0 | D:1      | 0 ||| qw: Do Orc after D:15 true
     0 | D:1      | 0 ||| qw: Do second Lair branch before Depths: true
     0 | D:1      | 0 ||| qw: Lair rune preference: random
     0 | D:1      | 0 ||| qw: Plans: Normal
     0 | D:1      | 0 ||| PLANNING D:1-11
   364 | D:1      | Found Plog's Armour Boutique.
   372 | D:1      | 372 ||| SHOPLISTING +1 cloak (149 gold, have 10).
   372 | D:1      | 372 ||| SHOPLISTING +2 pearl dragon scales (1409 gold, have
                  | 10).
   548 | D:1      | 548 ||| UPGRADING to +4 ring of protection.
   549 | D:1      | 549 ||| READING scroll labelled UGURGH CUREF.
   550 | D:1      | 550 ||| READING scroll labelled KAMNAF AVIZ.
   551 | D:1      | 551 ||| READING scroll labelled DAEWKIT CUCI.
   552 | D:1      | 552 ||| READING scroll labelled TAUFUA KIELL.
   556 | D:1      | 556 ||| READING scroll labelled BEIXKI VUXAIDU.
   607 | D:2      | Reached XP level 2. HP: 25/29 MP: 2/2
   664 | D:2      | Reached skill level 4 in Unarmed Combat
   875 | D:2      | Reached XP level 3. HP: 36/36 MP: 3/3
  1226 | D:2      | 1226 ||| Stepping ~*~*~tactically~*~*~ (outnumbered).
  1229 | D:2      | Reached skill level 1 in Throwing
  1523 | D:2      | 1523 ||| READING scroll labelled JOIWNE ZONA.
  1524 | D:2      | 1524 ||| READING scroll labelled FITASE POEV.
  1525 | D:2      | 1525 ||| READING scroll labelled HOAROTU TAMIK.
  1526 | D:2      | 1526 ||| DRINKING 3 bubbling sapphire potions.
  1526 | D:2      | Gained mutation: You are somewhat resistant to further
                  | mutation. [potion of mutation]
  1527 | D:2      | 1527 ||| Stepping randomly (stuck).
  1528 | D:2      | 1528 ||| Stepping ~*~*~tactically~*~*~ (cloud).
  1591 | D:3      | Found a shadowy altar of Dithmenos.
  1599 | D:3      | Found a faded altar of an unknown god.
  1646 | D:3      | Noticed Natasha
  1647 | D:3      | 1647 ||| Stepping ~*~*~tactically~*~*~ (hiding).
  1651 | D:3      | Killed Natasha
  1652 | D:3      | Reached skill level 5 in Unarmed Combat
  1652 | D:3      | Reached XP level 4. HP: 44/44 MP: 4/4
  1764 | D:3      | 1764 ||| INVOKING Fiery Armour.
  1766 | D:3      | Noticed Robin
  1771 | D:3      | 1771 ||| Stepping ~*~*~tactically~*~*~ (outnumbered).
  1772 | D:3      | 1772 ||| Stepping ~*~*~tactically~*~*~ (outnumbered).
  1773 | D:3      | 1773 ||| Stepping ~*~*~tactically~*~*~ (outnumbered).
  1774 | D:3      | 1774 ||| Stepping ~*~*~tactically~*~*~ (outnumbered).
  1775 | D:3      | 1775 ||| Stepping ~*~*~tactically~*~*~ (outnumbered).
  1776 | D:3      | 1776 ||| Stepping ~*~*~tactically~*~*~ (outnumbered).
  1777 | D:3      | 1777 ||| Stepping ~*~*~tactically~*~*~ (outnumbered).
  1778 | D:3      | 1778 ||| Stepping ~*~*~tactically~*~*~ (hiding).
  1779 | D:3      | 1779 ||| Stepping ~*~*~tactically~*~*~ (hiding).
  1780 | D:3      | 1780 ||| Stepping ~*~*~tactically~*~*~ (outnumbered).
  1783 | D:3      | 1783 ||| Stepping ~*~*~tactically~*~*~ (outnumbered).
  1784 | D:3      | 1784 ||| Stepping ~*~*~tactically~*~*~ (outnumbered).
  1793 | D:3      | Killed Robin
  1818 | D:3      | Noticed an ogre
  1825 | D:3      | Killed an ogre
  1826 | D:3      | Reached skill level 6 in Unarmed Combat
  1826 | D:3      | Reached XP level 5. HP: 27/50 MP: 5/5
  1880 | D:3      | Found Hocega's Antique Armour Boutique.
  1895 | D:3      | 1895 ||| SHOPLISTING shiny orb (300 gold, have 88).
  1907 | D:3      | Noticed Natasha
  1908 | D:3      | 1908 ||| Stepping ~*~*~tactically~*~*~ (stealth).
  1919 | D:3      | Killed Natasha
  1920 | D:3      | Reached XP level 6. HP: 36/59 MP: 6/6
  2099 | D:3      | 2099 ||| UPGRADING to +2 animal skin.
  2109 | D:3      | 2109 ||| DROPPING +0 robe.
  2199 | D:4      | Noticed Eustachio
  2200 | D:4      | 2200 ||| Stepping ~*~*~tactically~*~*~ (hiding).
  2215 | D:4      | Killed Eustachio
  2216 | D:4      | Reached skill level 7 in Unarmed Combat
  2225 | D:4      | Found a runed translucent gate.
  2416 | D:4      | 2416 ||| INVOKING Fiery Armour.
  2438 | D:4      | Found a runed translucent gate.
  2439 | D:4      | Found a runed translucent gate.
  2444 | D:4      | Noticed qw's ghost (amateur TrCA)
  2751 | D:4      | 2751 ||| Stepping ~*~*~tactically~*~*~ (outnumbered).
  2754 | D:4      | 2754 ||| FLEEEEING.
  2824 | D:4      | 2824 ||| UPGRADING to ring of poison resistance.
  2825 | D:4      | 2825 ||| READING scroll labelled QOCSUA FEQAS.
  2826 | D:4      | 2826 ||| READING scroll labelled COFAUSO FEUL.
  2827 | D:4      | 2827 ||| READING 2 scrolls of identify.
  2827 | D:4      | 2827 ||| IDENTIFYING smoky pink potion
  2828 | D:4      | 2828 ||| DROPPING potion of brilliance.
  2848 | D:5      | Entered Level 5 of the Dungeon
  2880 | D:5      | 2880 ||| Stepping ~*~*~tactically~*~*~ (stealth).
  2882 | D:5      | 2882 ||| Stepping ~*~*~tactically~*~*~ (stealth).
  2886 | D:5      | Reached XP level 7. HP: 66/66 MP: 7/7
  2886 | D:5      | 2886 ||| Stepping ~*~*~tactically~*~*~ (outnumbered).
  2892 | D:5      | Reached skill level 8 in Unarmed Combat
  2929 | D:5      | Reached skill level 3 in Fighting
  2930 | D:5      | 2930 ||| Stepping ~*~*~tactically~*~*~ (hiding).
  2932 | D:5      | 2932 ||| Stepping ~*~*~tactically~*~*~ (hiding).
  3131 | D:5      | Reached skill level 9 in Unarmed Combat
  3148 | D:5      | Found Giago's Distillery.
  3182 | D:5      | Noticed a dream sheep
  3182 | D:5      | Noticed a dream sheep
  3182 | D:5      | Noticed a dream sheep
  3182 | D:5      | Noticed a dream sheep
  3182 | D:5      | Noticed a dream sheep
  3182 | D:5      | Found a shimmering altar of Xom.
  3184 | D:5      | 3184 ||| Stepping ~*~*~tactically~*~*~ (outnumbered).
  3185 | D:5      | 3185 ||| Stepping ~*~*~tactically~*~*~ (outnumbered).
  3186 | D:5      | Killed a dream sheep
  3186 | D:5      | Killed a dream sheep
  3186 | D:5      | Killed a dream sheep
  3186 | D:5      | Killed a dream sheep
  3187 | D:5      | 3187 ||| Stepping randomly (cloudy).
  3187 | D:5      | Killed a dream sheep
  3188 | D:5      | 3188 ||| Stepping ~*~*~tactically~*~*~ (cloud).
  3286 | D:5      | Found a hazy altar of Hepliaklqana.
  3372 | D:5      | 3372 ||| READING 4 scrolls of identify.
  3372 | D:5      | 3372 ||| IDENTIFYING fuming clear potion
  3373 | D:5      | 3373 ||| READING 3 scrolls of identify.
  3373 | D:5      | 3373 ||| IDENTIFYING brown potion
  3374 | D:5      | 3374 ||| READING 2 scrolls of identify.
  3374 | D:5      | 3374 ||| IDENTIFYING ruby potion
  3375 | D:5      | 3375 ||| DROPPING potion of magic.
  3376 | D:5      | 3376 ||| DROPPING potion of invisibility.
  3525 | D:5      | 3525 ||| Stepping randomly (stuck).
  3539 | D:6      | 3539 ||| Stepping ~*~*~tactically~*~*~ (hiding).
  3541 | D:6      | 3541 ||| Stepping ~*~*~tactically~*~*~ (hiding).
  3654 | D:6      | Reached XP level 8. HP: 75/75 MP: 8/8
  3751 | D:6      | Found a bloodstained altar of Trog.
  3759 | D:6      | Reached skill level 1 in Dodging
  3802 | D:6      | Found a glowing silver altar of Zin.
  3821 | D:6      | 3821 ||| Stepping ~*~*~tactically~*~*~ (stealth).
  3832 | D:6      | 3832 ||| Stepping ~*~*~tactically~*~*~ (stealth).
  3852 | D:6      | 3852 ||| Stepping ~*~*~tactically~*~*~ (outnumbered).
  3965 | D:6      | Reached skill level 10 in Unarmed Combat
  4007 | D:6      | Found a staircase to the Ecumenical Temple.
  4106 | D:6      | Found Igetrail's Specific Store.
  4108 | D:6      | Found Hail's General Store.
  4123 | D:6      | 4123 ||| BUYING scroll of enchant armour (105 gold).
  4123 | D:6      | Bought a scroll of enchant armour for 105 gold pieces
  4123 | D:6      | 4123 ||| BUYING scroll of identify (28 gold).
  4123 | D:6      | Bought a scroll of identify for 28 gold pieces
  4123 | D:6      | 4123 ||| BUYING scroll of identify (28 gold).
  4123 | D:6      | Bought a scroll of identify for 28 gold pieces
  4431 | D:6      | 4431 ||| UPGRADING to amulet of reflection.
  4436 | D:6      | 4436 ||| READING 4 scrolls of identify.
  4436 | D:6      | 4436 ||| IDENTIFYING orange potion
  4437 | D:6      | 4437 ||| READING 3 scrolls of identify.
  4437 | D:6      | 4437 ||| IDENTIFYING black potion
  4438 | D:6      | 4438 ||| READING 2 scrolls of identify.
  4438 | D:6      | 4438 ||| IDENTIFYING puce potion
  4439 | D:6      | 4439 ||| DROPPING potion of attraction.
  4440 | D:6      | 4440 ||| DROPPING potion of degeneration.
  4441 | D:6      | 4441 ||| DROPPING potion of lignification.
  4481 | D:5      | 4481 ||| SHOPLISTING potion of curing (36 gold, have 20).
  4481 | D:5      | 4481 ||| SHOPLISTING potion of haste (120 gold, have 20).
  4481 | D:5      | 4481 ||| SHOPLISTING potion of heal wounds (60 gold, have
                  | 20).
  4481 | D:5      | 4481 ||| SHOPLISTING potion of might (48 gold, have 20).
  4481 | D:5      | 4481 ||| DRINKING 2 cyan potions.
  4567 | D:7      | Noticed Prince Ribbit
  4574 | D:7      | 4574 ||| Stepping ~*~*~tactically~*~*~ (stealth).
  4585 | D:7      | 4585 ||| INVOKING Fiery Armour.
  4590 | D:7      | Killed Prince Ribbit
  4663 | D:7      | 4663 ||| FLEEEEING.
  4676 | D:7      | 4676 ||| Stepping ~*~*~tactically~*~*~ (stealth).
  4679 | D:7      | 4679 ||| Stepping ~*~*~tactically~*~*~ (stealth).
  4680 | D:7      | 4680 ||| Stepping ~*~*~tactically~*~*~ (stealth).
  4681 | D:7      | 4681 ||| Stepping ~*~*~tactically~*~*~ (stealth).
  4684 | D:7      | Reached skill level 11 in Unarmed Combat
  4684 | D:7      | Reached XP level 9. HP: 84/84 MP: 9/9
  4689 | D:7      | 4689 ||| Stepping ~*~*~tactically~*~*~ (stealth).
  4690 | D:7      | 4690 ||| Stepping ~*~*~tactically~*~*~ (stealth).
  4706 | D:7      | Noticed Joseph
  4707 | D:7      | 4707 ||| Stepping ~*~*~tactically~*~*~ (stealth).
  4710 | D:7      | 4710 ||| Stepping ~*~*~tactically~*~*~ (stealth).
  4713 | D:7      | 4713 ||| INVOKING Fiery Armour.
  4716 | D:7      | 4716 ||| Stepping ~*~*~tactically~*~*~ (outnumbered).
  4718 | D:7      | 4718 ||| Stepping ~*~*~tactically~*~*~ (outnumbered).
  4720 | D:7      | 4720 ||| Stepping ~*~*~tactically~*~*~ (outnumbered).
  4727 | D:7      | 4727 ||| Stepping ~*~*~tactically~*~*~ (outnumbered).
  4729 | D:7      | 4729 ||| Stepping ~*~*~tactically~*~*~ (outnumbered).
  4744 | D:7      | Killed Joseph
  4871 | D:7      | Reached skill level 12 in Unarmed Combat
  4892 | D:7      | 4892 ||| INVOKING Fiery Armour.
  4955 | D:7      | Noticed Pikel
  4956 | D:7      | 4956 ||| Stepping ~*~*~tactically~*~*~ (stealth).
  4965 | D:7      | Killed Pikel
  5052 | D:7      | 5052 ||| Stepping ~*~*~tactically~*~*~ (outnumbered).
  5094 | D:7      | 5094 ||| Stepping ~*~*~tactically~*~*~ (hiding).
  5105 | D:7      | 5105 ||| Stepping ~*~*~tactically~*~*~ (outnumbered).
  5113 | D:7      | Reached skill level 3 in Throwing
  5115 | D:7      | 5115 ||| FLEEEEING.
  5116 | D:7      | 5116 ||| FLEEEEING.
  5117 | D:7      | 5117 ||| FLEEEEING.
  5518 | D:7      | Noticed qw's ghost (novice TrCA)
  5521 | D:7      | Identified the ring of Emaemorgh {Fly rC+ rN+ Str-2 Int+4}
  5522 | D:7      | Noticed Grum
  5579 | D:7      | Found a transporter.
  5580 | D:7      | Found a transporter.
  5781 | D:7      | 5781 ||| UPGRADING to scarf of resistance.
  5786 | D:7      | 5786 ||| READING scroll labelled FOAMAR FUFOUM.
  5807 | D:8      | 5807 ||| STAIRDANCE
  5814 | D:8      | 5814 ||| STAIRDANCE
  5819 | D:8      | 5819 ||| STAIRDANCE
  5823 | D:7      | Reached XP level 10. HP: 98/98 MP: 10/10
  5825 | D:8      | 5825 ||| STAIRDANCE
  5834 | D:8      | 5834 ||| STAIRDANCE
  5836 | D:7      | 5836 ||| Stepping ~*~*~tactically~*~*~ (outnumbered).
  5842 | D:7      | Reached skill level 13 in Unarmed Combat
  5867 | D:8      | 5867 ||| STAIRDANCE
  5966 | D:8      | 5966 ||| INVOKING Fiery Armour.
  5973 | D:8      | 5973 ||| FLEEEEING.
  5974 | D:8      | 5974 ||| FLEEEEING.
  5975 | D:8      | 5975 ||| FLEEEEING.
  5976 | D:8      | 5976 ||| FLEEEEING.
  5977 | D:8      | 5977 ||| FLEEEEING.
  5978 | D:8      | 5978 ||| FLEEEEING.
  5979 | D:8      | 5979 ||| FLEEEEING.
  5980 | D:8      | 5980 ||| FLEEEEING.
  5981 | D:8      | 5981 ||| FLEEEEING.
  5982 | D:8      | 5982 ||| FLEEEEING.
  5983 | D:8      | 5983 ||| FLEEEEING.
  6036 | D:8      | 6036 ||| Stepping ~*~*~tactically~*~*~ (stealth).
  6060 | D:8      | 6060 ||| Stepping ~*~*~tactically~*~*~ (stealth).
  6089 | D:8      | 6089 ||| Stepping ~*~*~tactically~*~*~ (stealth).
  6099 | D:8      | 6099 ||| Stepping ~*~*~tactically~*~*~ (stealth).
  6151 | D:8      | 6151 ||| Stepping ~*~*~tactically~*~*~ (stealth).
  6167 | D:8      | 6167 ||| FLEEEEING.
  6170 | D:8      | 6170 ||| FLEEEEING.
  6171 | D:8      | 6171 ||| FLEEEEING.
  6218 | D:8      | 6218 ||| Stepping ~*~*~tactically~*~*~ (stealth).
  6543 | D:8      | 6543 ||| DROPPING ring of wizardry.
  6544 | D:8      | 6544 ||| READING 3 scrolls labelled XYKHLE JIGACEY.
  6545 | D:8      | 6545 ||| DRINKING 2 viscous puce potions.
  6546 | D:8      | 6546 ||| DRINKING 3 red potions.
  6547 | D:8      | 6547 ||| DROPPING 2 scrolls of butterflies.
  6591 | D:9      | Noticed a centaur warrior
  6592 | D:9      | 6592 ||| READING 2 scrolls of teleportation.
  6594 | D:9      | Found a staircase to the Lair.
  6595 | D:9      | 6595 ||| INVOKING Fiery Armour.
  6596 | D:9      | 6596 ||| Stepping ~*~*~tactically~*~*~ (outnumbered).
  6597 | D:9      | 6597 ||| Stepping ~*~*~tactically~*~*~ (outnumbered).
  6599 | D:9      | 6599 ||| Stepping ~*~*~tactically~*~*~ (outnumbered).
  6601 | D:9      | 6601 ||| Stepping ~*~*~tactically~*~*~ (outnumbered).
  6610 | D:9      | Reached skill level 14 in Unarmed Combat
  6612 | D:9      | Reached skill level 6 in Fighting
  6620 | D:9      | HP: 24/98 [yak (3)]
  6621 | D:9      | 6621 ||| READING scroll of teleportation.
  6622 | D:9      | 6622 ||| DRINKING potion of heal wounds.
  6624 | D:9      | Noticed a boulder beetle
  6674 | D:9      | 6674 ||| Stepping randomly (stuck).
  6675 | D:9      | 6675 ||| Stepping randomly (stuck).
  6676 | D:9      | 6676 ||| Stepping randomly (stuck).
  6677 | D:9      | 6677 ||| Stepping randomly (stuck).
  6678 | D:9      | 6678 ||| Stepping randomly (stuck).
  6679 | D:9      | 6679 ||| Stepping randomly (stuck).
  6680 | D:9      | 6680 ||| Stepping randomly (stuck).
  6682 | D:9      | 6682 ||| Stepping randomly (stuck).
  6683 | D:9      | 6683 ||| Stepping randomly (stuck).
  6684 | D:9      | 6684 ||| Stepping randomly (stuck).
  6685 | D:9      | 6685 ||| Stepping randomly (stuck).
  6686 | D:9      | 6686 ||| Stepping randomly (stuck).
  6687 | D:9      | 6687 ||| Stepping randomly (stuck).
  6688 | D:9      | 6688 ||| Stepping randomly (stuck).
  6689 | D:9      | 6689 ||| Stepping randomly (stuck).
  6690 | D:9      | 6690 ||| Stepping randomly (stuck).
  6691 | D:9      | 6691 ||| Stepping randomly (stuck).
  6692 | D:9      | 6692 ||| Stepping randomly (stuck).
  6693 | D:9      | 6693 ||| Stepping randomly (stuck).
  6694 | D:9      | 6694 ||| Stepping randomly (stuck).
  6696 | D:9      | 6696 ||| Stepping randomly (stuck).
  6698 | D:9      | 6698 ||| Stepping randomly (stuck).
  6699 | D:9      | 6699 ||| Stepping randomly (stuck).
  6700 | D:9      | 6700 ||| Stepping randomly (stuck).
  6701 | D:9      | 6701 ||| Stepping randomly (stuck).
  6702 | D:9      | 6702 ||| Stepping randomly (stuck).
  6703 | D:9      | 6703 ||| Stepping randomly (stuck).
  6704 | D:9      | 6704 ||| Stepping randomly (stuck).
  6705 | D:9      | 6705 ||| Stepping randomly (stuck).
  6706 | D:9      | 6706 ||| Stepping randomly (stuck).
  6707 | D:9      | 6707 ||| Stepping randomly (stuck).
  6708 | D:9      | 6708 ||| Stepping randomly (stuck).
  6709 | D:9      | 6709 ||| Stepping randomly (stuck).
  6710 | D:9      | 6710 ||| Stepping randomly (stuck).
  6711 | D:9      | 6711 ||| Stepping randomly (stuck).
  6712 | D:9      | 6712 ||| Stepping randomly (stuck).
  6713 | D:9      | 6713 ||| Stepping randomly (stuck).
  6714 | D:9      | 6714 ||| Stepping randomly (stuck).
  6715 | D:9      | 6715 ||| Stepping randomly (stuck).
  6717 | D:9      | 6717 ||| Stepping randomly (stuck).
  6719 | D:9      | 6719 ||| Stepping randomly (stuck).
  6720 | D:9      | 6720 ||| Stepping randomly (stuck).
  6721 | D:9      | 6721 ||| Stepping randomly (stuck).
  6722 | D:9      | 6722 ||| Stepping randomly (stuck).
  6723 | D:9      | 6723 ||| Stepping randomly (stuck).
  6724 | D:9      | 6724 ||| Stepping randomly (stuck).
  6726 | D:9      | 6726 ||| Stepping randomly (stuck).
  6728 | D:9      | 6728 ||| Stepping randomly (stuck).
  6729 | D:9      | 6729 ||| Stepping randomly (stuck).
  6730 | D:9      | 6730 ||| Stepping randomly (stuck).
  6731 | D:9      | 6731 ||| Stepping randomly (stuck).
  6732 | D:9      | 6732 ||| Stepping randomly (stuck).
  6733 | D:9      | 6733 ||| Stepping randomly (stuck).
  6734 | D:9      | 6734 ||| Stepping randomly (stuck).
  6735 | D:9      | 6735 ||| Stepping randomly (stuck).
  6736 | D:9      | 6736 ||| Stepping randomly (stuck).
  6737 | D:9      | 6737 ||| Stepping randomly (stuck).
  6738 | D:9      | 6738 ||| Stepping randomly (stuck).
  6739 | D:9      | 6739 ||| Stepping randomly (stuck).
  6740 | D:9      | 6740 ||| Stepping randomly (stuck).
  6741 | D:9      | 6741 ||| Stepping randomly (stuck).
  6742 | D:9      | 6742 ||| Stepping randomly (stuck).
  6743 | D:9      | 6743 ||| Stepping randomly (stuck).
  6744 | D:9      | 6744 ||| Stepping randomly (stuck).
  6745 | D:9      | 6745 ||| Stepping randomly (stuck).
  6753 | D:9      | Killed a centaur warrior
  6804 | D:9      | 6804 ||| Stepping randomly (stuck).
  6805 | D:9      | 6805 ||| Stepping randomly (stuck).
  6806 | D:9      | 6806 ||| Stepping randomly (stuck).
  6807 | D:9      | 6807 ||| Stepping randomly (stuck).
  6808 | D:9      | 6808 ||| Stepping randomly (stuck).
  6809 | D:9      | 6809 ||| Stepping randomly (stuck).
  6810 | D:9      | 6810 ||| Stepping randomly (stuck).
  6811 | D:9      | 6811 ||| Stepping randomly (stuck).
  6812 | D:9      | 6812 ||| Stepping randomly (stuck).
  6813 | D:9      | 6813 ||| Stepping randomly (stuck).
  6814 | D:9      | 6814 ||| Stepping randomly (stuck).
  6815 | D:9      | 6815 ||| Stepping randomly (stuck).
  6816 | D:9      | 6816 ||| Stepping randomly (stuck).
  6817 | D:9      | 6817 ||| Stepping randomly (stuck).
  6818 | D:9      | 6818 ||| Stepping randomly (stuck).
  6819 | D:9      | 6819 ||| Stepping randomly (stuck).
  6820 | D:9      | 6820 ||| Stepping randomly (stuck).
  6821 | D:9      | 6821 ||| Stepping randomly (stuck).
  6822 | D:9      | 6822 ||| Stepping randomly (stuck).
  6823 | D:9      | 6823 ||| Stepping randomly (stuck).
  6824 | D:9      | 6824 ||| Stepping randomly (stuck).
  6825 | D:9      | 6825 ||| Stepping randomly (stuck).
  6826 | D:9      | 6826 ||| Stepping randomly (stuck).
  6827 | D:9      | 6827 ||| Stepping randomly (stuck).
  6828 | D:9      | 6828 ||| Stepping randomly (stuck).
  6829 | D:9      | 6829 ||| Stepping randomly (stuck).
  6830 | D:9      | 6830 ||| Stepping randomly (stuck).
  6831 | D:9      | 6831 ||| Stepping randomly (stuck).
  6832 | D:9      | 6832 ||| Stepping randomly (stuck).
  6833 | D:9      | 6833 ||| Stepping randomly (stuck).
  6834 | D:9      | 6834 ||| Stepping randomly (stuck).
  6835 | D:9      | 6835 ||| Stepping randomly (stuck).
  6836 | D:9      | 6836 ||| Stepping randomly (stuck).
  6837 | D:9      | 6837 ||| Stepping randomly (stuck).
  6841 | D:9      | 6841 ||| Stepping randomly (stuck).
  6842 | D:9      | 6842 ||| Stepping randomly (stuck).
  6843 | D:9      | 6843 ||| Stepping randomly (stuck).
  6844 | D:9      | 6844 ||| Stepping randomly (stuck).
  6845 | D:9      | 6845 ||| Stepping randomly (stuck).
  6846 | D:9      | 6846 ||| Stepping randomly (stuck).
  6847 | D:9      | 6847 ||| Stepping randomly (stuck).
  6848 | D:9      | 6848 ||| Stepping randomly (stuck).
  6849 | D:9      | 6849 ||| Stepping randomly (stuck).
  6850 | D:9      | 6850 ||| Stepping randomly (stuck).
  6851 | D:9      | 6851 ||| Stepping randomly (stuck).
  6852 | D:9      | 6852 ||| Stepping randomly (stuck).
  6853 | D:9      | 6853 ||| Stepping randomly (stuck).
  6854 | D:9      | 6854 ||| Stepping randomly (stuck).
  6855 | D:9      | 6855 ||| Stepping randomly (stuck).
  6856 | D:9      | 6856 ||| Stepping randomly (stuck).
  6857 | D:9      | 6857 ||| Stepping randomly (stuck).
  6858 | D:9      | 6858 ||| Stepping randomly (stuck).
  6859 | D:9      | 6859 ||| Stepping randomly (stuck).
  6860 | D:9      | 6860 ||| Stepping randomly (stuck).
  6861 | D:9      | 6861 ||| Stepping randomly (stuck).
  6862 | D:9      | 6862 ||| Stepping randomly (stuck).
  6863 | D:9      | 6863 ||| Stepping randomly (stuck).
  6864 | D:9      | 6864 ||| Stepping randomly (stuck).
  6865 | D:9      | 6865 ||| Stepping randomly (stuck).
  6866 | D:9      | 6866 ||| Stepping randomly (stuck).
  6867 | D:9      | 6867 ||| Stepping randomly (stuck).
  6868 | D:9      | 6868 ||| Stepping randomly (stuck).
  6869 | D:9      | 6869 ||| Stepping randomly (stuck).
  6870 | D:9      | 6870 ||| Stepping randomly (stuck).
  6871 | D:9      | 6871 ||| Stepping randomly (stuck).
  6872 | D:9      | 6872 ||| Stepping randomly (stuck).
  6873 | D:9      | 6873 ||| Stepping randomly (stuck).
  6874 | D:9      | 6874 ||| Stepping randomly (stuck).
  6875 | D:9      | 6875 ||| Stepping randomly (stuck).
  6876 | D:9      | 6876 ||| Stepping randomly (stuck).
  6877 | D:9      | 6877 ||| Stepping randomly (stuck).
  6878 | D:9      | 6878 ||| Stepping randomly (stuck).
  6879 | D:9      | 6879 ||| Stepping randomly (stuck).
  6880 | D:9      | 6880 ||| Stepping randomly (stuck).
  6881 | D:9      | 6881 ||| Stepping randomly (stuck).
  6882 | D:9      | 6882 ||| Stepping randomly (stuck).
  6883 | D:9      | 6883 ||| Stepping randomly (stuck).
  6884 | D:9      | 6884 ||| Stepping randomly (stuck).
  6885 | D:9      | 6885 ||| Stepping randomly (stuck).
  6886 | D:9      | 6886 ||| Stepping randomly (stuck).
  6887 | D:9      | 6887 ||| Stepping randomly (stuck).
  6888 | D:9      | 6888 ||| Stepping randomly (stuck).
  6889 | D:9      | 6889 ||| Stepping randomly (stuck).
  6890 | D:9      | 6890 ||| Stepping randomly (stuck).
  6891 | D:9      | 6891 ||| Stepping randomly (stuck).
  6892 | D:9      | 6892 ||| Stepping randomly (stuck).
  6893 | D:9      | 6893 ||| Stepping randomly (stuck).
  6894 | D:9      | 6894 ||| Stepping ~*~*~tactically~*~*~ (hiding).
  6899 | D:9      | Reached skill level 15 in Unarmed Combat
  6900 | D:9      | 6900 ||| INVOKING Fiery Armour.
  6902 | D:9      | 6902 ||| Stepping ~*~*~tactically~*~*~ (outnumbered).
  6928 | D:9      | Killed a boulder beetle
  6929 | D:9      | Reached XP level 11. HP: 75/105 MP: 11/11
  6968 | D:9      | Found a staircase to the Orcish Mines.
  7008 | D:9      | Identified the +8 hand axe of Muckos {flame, rC- Int+6}
  7038 | D:9      | Identified the +6 mace of Pandemonium {flame, Int+7}
  7044 | D:9      | 7044 ||| INVOKING Fiery Armour.
  7048 | D:9      | 7048 ||| Stepping ~*~*~tactically~*~*~ (outnumbered).
  7049 | D:9      | 7049 ||| Stepping ~*~*~tactically~*~*~ (outnumbered).
  7051 | D:9      | 7051 ||| Stepping ~*~*~tactically~*~*~ (outnumbered).
  7052 | D:9      | 7052 ||| Stepping ~*~*~tactically~*~*~ (outnumbered).
  7054 | D:9      | 7054 ||| Stepping ~*~*~tactically~*~*~ (outnumbered).
  7055 | D:9      | 7055 ||| Stepping ~*~*~tactically~*~*~ (outnumbered).
  7056 | D:9      | 7056 ||| Stepping ~*~*~tactically~*~*~ (outnumbered).
  7057 | D:9      | 7057 ||| Stepping ~*~*~tactically~*~*~ (outnumbered).
  7058 | D:9      | 7058 ||| Stepping ~*~*~tactically~*~*~ (outnumbered).
  7064 | D:9      | 7064 ||| Stepping ~*~*~tactically~*~*~ (outnumbered).
  7067 | D:9      | 7067 ||| Stepping ~*~*~tactically~*~*~ (outnumbered).
  7073 | D:9      | 7073 ||| Stepping ~*~*~tactically~*~*~ (outnumbered).
  7074 | D:9      | 7074 ||| Stepping ~*~*~tactically~*~*~ (hiding).
  7075 | D:9      | 7075 ||| Stepping ~*~*~tactically~*~*~ (hiding).
  7077 | D:9      | 7077 ||| Stepping ~*~*~tactically~*~*~ (outnumbered).
  7078 | D:9      | 7078 ||| Stepping ~*~*~tactically~*~*~ (outnumbered).
  7079 | D:9      | 7079 ||| Stepping ~*~*~tactically~*~*~ (outnumbered).
  7080 | D:9      | 7080 ||| Stepping ~*~*~tactically~*~*~ (outnumbered).
  7084 | D:9      | 7084 ||| Stepping ~*~*~tactically~*~*~ (outnumbered).
  7085 | D:9      | 7085 ||| Stepping ~*~*~tactically~*~*~ (outnumbered).
  7086 | D:9      | 7086 ||| Stepping ~*~*~tactically~*~*~ (outnumbered).
  7087 | D:9      | 7087 ||| Stepping ~*~*~tactically~*~*~ (outnumbered).
  7089 | D:9      | 7089 ||| Stepping ~*~*~tactically~*~*~ (outnumbered).
  7090 | D:9      | 7090 ||| Stepping ~*~*~tactically~*~*~ (outnumbered).
  7091 | D:9      | 7091 ||| Stepping ~*~*~tactically~*~*~ (outnumbered).
  7092 | D:9      | 7092 ||| Stepping ~*~*~tactically~*~*~ (outnumbered).
  7093 | D:9      | 7093 ||| Stepping ~*~*~tactically~*~*~ (outnumbered).
  7094 | D:9      | 7094 ||| Stepping ~*~*~tactically~*~*~ (outnumbered).
  7097 | D:9      | 7097 ||| Stepping ~*~*~tactically~*~*~ (outnumbered).
  7099 | D:9      | 7099 ||| Stepping ~*~*~tactically~*~*~ (outnumbered).
  7100 | D:9      | 7100 ||| Stepping ~*~*~tactically~*~*~ (outnumbered).
  7101 | D:9      | 7101 ||| Stepping ~*~*~tactically~*~*~ (outnumbered).
  7102 | D:9      | 7102 ||| Stepping ~*~*~tactically~*~*~ (outnumbered).
  7106 | D:9      | 7106 ||| Stepping ~*~*~tactically~*~*~ (outnumbered).
  7212 | D:9      | 7212 ||| Stepping ~*~*~tactically~*~*~ (stealth).
  7285 | D:9      | 7285 ||| Stepping ~*~*~tactically~*~*~ (hiding).
  7299 | D:9      | 7299 ||| Stepping ~*~*~tactically~*~*~ (stealth).
  7309 | D:9      | 7309 ||| Stepping ~*~*~tactically~*~*~ (hiding).
  7310 | D:9      | 7310 ||| Stepping ~*~*~tactically~*~*~ (hiding).
  7327 | D:9      | 7327 ||| Stepping ~*~*~tactically~*~*~ (stealth).
  7331 | D:9      | 7331 ||| Stepping ~*~*~tactically~*~*~ (outnumbered).
  7416 | D:9      | Found a shadowy altar of Dithmenos.
  7424 | D:9      | 7424 ||| INVOKING Fiery Armour.
  7425 | D:9      | 7425 ||| Stepping ~*~*~tactically~*~*~ (outnumbered).
  7439 | D:9      | 7439 ||| Stepping ~*~*~tactically~*~*~ (stealth).
  7523 | D:9      | Found a shimmering blue altar of Sif Muna.
  7530 | D:9      | Found a runed translucent door.
  7550 | D:9      | Found a hazy altar of Hepliaklqana.
  7561 | D:9      | Reached skill level 16 in Unarmed Combat
  7592 | D:9      | Found a broken altar of Ashenzari.
  7599 | D:9      | Found a bloodstained altar of Trog.
  7611 | D:9      | Found a sacrificial altar of Ru.
  7732 | D:9      | Found a radiant altar of Vehumet.
  7732 | D:9      | Found a shimmering blue altar of Sif Muna.
  7793 | D:9      | Noticed a flayed ghost
  7824 | D:9      | 7824 ||| READING scroll labelled YMEPNE OMIRHE.
  7825 | D:9      | 7825 ||| DRINKING 2 smoky red potions.
  7826 | D:9      | 7826 ||| DRINKING 3 glowing grey potions.
  7827 | D:9      | 7827 ||| DROPPING 2 potions of flight.
  7913 | D:9      | 7913 ||| Stepping randomly (stuck).
  7940 | D:10     | Entered Level 10 of the Dungeon
  8161 | D:10     | 8161 ||| FLEEEEING.
  8162 | D:10     | 8162 ||| FLEEEEING.
  8243 | D:10     | 8243 ||| DRINKING 2 potions of curing.
  8243 | D:10     | 8243 ||| (to cure confusion)
  8248 | D:10     | 8248 ||| DRINKING potion of curing.
  8248 | D:10     | 8248 ||| (to cure confusion)
  8757 | D:10     | 8757 ||| Stepping ~*~*~tactically~*~*~ (outnumbered).
  8758 | D:10     | 8758 ||| Stepping ~*~*~tactically~*~*~ (outnumbered).
  8760 | D:10     | 8760 ||| Stepping ~*~*~tactically~*~*~ (outnumbered).
  8761 | D:10     | 8761 ||| Stepping ~*~*~tactically~*~*~ (outnumbered).
  8762 | D:10     | 8762 ||| Stepping ~*~*~tactically~*~*~ (outnumbered).
  8765 | D:10     | 8765 ||| Stepping ~*~*~tactically~*~*~ (outnumbered).
  9052 | D:10     | Reached skill level 6 in Throwing
  9052 | D:10     | 9052 ||| FLEEEEING.
  9058 | D:10     | 9058 ||| FLEEEEING.
  9059 | D:10     | 9059 ||| FLEEEEING.
  9060 | D:10     | 9060 ||| FLEEEEING.
  9124 | D:10     | 9124 ||| Stepping ~*~*~tactically~*~*~ (stealth).
  9125 | D:10     | 9125 ||| Stepping ~*~*~tactically~*~*~ (stealth).
  9135 | D:10     | 9135 ||| Stepping ~*~*~tactically~*~*~ (hiding).
  9290 | D:10     | 9290 ||| UPGRADING to +0 steam dragon scales.
  9300 | D:10     | 9300 ||| DROPPING +2 animal skin.
  9301 | D:10     | 9301 ||| READING 2 scrolls of enchant armour.
  9301 | D:10     | 9301 ||| ENCHANTING +0 steam dragon scales.
  9302 | D:10     | 9302 ||| READING scroll of enchant armour.
  9302 | D:10     | 9302 ||| ENCHANTING +1 steam dragon scales.
  9303 | D:10     | 9303 ||| READING 2 scrolls of identify.
  9303 | D:10     | 9303 ||| IDENTIFYING coppery potion
  9304 | D:10     | 9304 ||| DROPPING potion of berserk rage.
  9424 | D:9      | 9424 ||| Stepping randomly (stuck).
  9486 | D:9      | 9486 ||| PLANNING LAIR
  9529 | Lair:1   | Entered Level 1 of the Lair of Beasts
  9533 | Lair:1   | Reached skill level 1 in Armour
  9713 | Lair:1   | You fall into a shaft and drop 1 floor!
  9772 | Lair:1   | Noticed a seven-headed hydra
  9773 | Lair:1   | 9773 ||| INVOKING Fiery Armour.
  9778 | Lair:1   | Killed a ten-headed hydra
  9779 | Lair:1   | Reached XP level 12. HP: 106/118 MP: 12/12
  9950 | Lair:1   | Noticed a seven-headed hydra
  9951 | Lair:1   | 9951 ||| INVOKING Fiery Armour.
  9954 | Lair:1   | Noticed a catoblepas
  9956 | Lair:1   | 9956 ||| Stepping ~*~*~tactically~*~*~ (cloud).
  9957 | Lair:1   | Killed an eight-headed hydra
  9965 | Lair:1   | 9965 ||| Stepping ~*~*~tactically~*~*~ (cloud).
  9967 | Lair:1   | Killed a catoblepas
 10759 | Lair:2   | Found a staircase to the Swamp.
 10946 | Lair:2   | 10946 ||| Stepping ~*~*~tactically~*~*~ (stealth).
 10948 | Lair:2   | 10948 ||| Stepping ~*~*~tactically~*~*~ (hiding).
 10967 | Lair:2   | 10967 ||| DRINKING potion of cancellation.
 11244 | Lair:2   | 11244 ||| DROPPING amulet of guardian spirit.
 11262 | Lair:3   | 11262 ||| PLANNING GAUNTLET
 11263 | Lair:3   | 11263 ||| Stepping ~*~*~tactically~*~*~ (stealth).
 11275 | Lair:3   | 11275 ||| INVOKING Fiery Armour.
 11283 | Lair:3   | 11283 ||| FLEEEEING.
 11284 | Lair:3   | 11284 ||| STAIRDANCE
 11329 | Lair:3   | 11329 ||| STAIRDANCE
 11466 | Lair:3   | 11466 ||| Stepping ~*~*~tactically~*~*~ (hiding).
 11468 | Lair:3   | 11468 ||| Stepping ~*~*~tactically~*~*~ (hiding).
 11519 | Lair:3   | 11519 ||| Stepping ~*~*~tactically~*~*~ (stealth).
 11684 | Lair:3   | Found a hole to the Spider Nest.
 11695 | Lair:3   | Reached skill level 17 in Unarmed Combat
 11718 | Lair:3   | Noticed a four-headed hydra
 11726 | Lair:3   | Noticed a seven-headed hydra
 11727 | Lair:3   | Killed an eight-headed hydra
 11728 | Lair:3   | 11728 ||| FLEEEEING.
 11729 | Lair:3   | 11729 ||| FLEEEEING.
 11730 | Lair:3   | 11730 ||| FLEEEEING.
 11731 | Lair:3   | 11731 ||| FLEEEEING.
 11732 | Lair:3   | 11732 ||| FLEEEEING.
 11733 | Lair:3   | 11733 ||| FLEEEEING.
 11734 | Lair:3   | 11734 ||| FLEEEEING.
 11735 | Lair:3   | 11735 ||| FLEEEEING.
 11736 | Lair:3   | 11736 ||| FLEEEEING.
 11737 | Lair:3   | 11737 ||| FLEEEEING.
 11746 | Lair:3   | HP: 25/115 [eight-headed hydra (5)]
 11746 | Lair:3   | HP: 8/115 [eight-headed hydra (7)]
 11747 | Lair:3   | 11747 ||| READING scroll of teleportation.
 11747 | Lair:3   | HP: 2/115 [eight-headed hydra (7)]
 11747 | Lair:3   | Slain by an eight-headed hydra

Levels and vault maps discovered:
D:1:      lightli_arrival_maybe_door_vault, layout_basic, serial_shops,
          nicolae_square_shop
D:2:      minmay_angry_zag, layout_basic
D:3:      layout_basic, lemuel_tele_altar, dreamdust_ecumenical_altar_statues,
          serial_shops, shop, uniq_robin, uniq_natasha
D:4:      layout_basic, gammafunk_ghost_necromancy, uniq_eustachio
D:5:      layout_rooms, nzn_hepliaklqana_mist_gate, kb_xom_exploding_sheep,
          serial_shops, nicolae_take_the_stairs
D:6:      layout_basic, mainiacjoe_overflow_catch_the_wave,
          minmay_temple_entry_statues_fountains, nicolae_specific_store,
          minmay_misc_feat_roman, chequers_serial_rivers_small_3
D:7:      nicolae_cairo_tiling_large, layout_basic,
          gammafunk_ghost_gnarly_gnolls, grunt_decor_junction, uniq_pikel,
          uniq_joseph, uniq_prince_ribbit1
D:8:      layout_loops_ring, chequers_jeans, minmay_misc_feat_cross
D:9:      due_megacathedral, layout_cross, gammafunk_temple_overflow_elements,
          minmay_lair_entry_grove, nicolae_concentric_dashed_squares_mild,
          minmay_diamond_spiral
D:10:     layout_grid_maze, minmay_shattered_shrine
Lair:1:   layout_cave_pods, evilmike_ambush [evilmike_ambush_outer_basic,
          evilmike_ambush_inner_wall_1]
Lair:2:   layout_misc_corridors, swamp_mist, serial_bayou_ford_a,
          chequers_serial_rivers_small_a, minivault_25,
          grunt_forest_small_clearings, guppyfry_lair_drakes
Lair:3:   layout_long_grid, spider_nest_entry_web_field, gauntlet_entry_generic,
          minivault_26, pf_torpor_hydra, serial_bayou_shore_a,
          grunt_megastairs_2

Skill      XL: |  1  2  3  4  5  6  7  8  9 10 11 12 |
---------------+-------------------------------------+-----
Unarmed Combat | 4 5 6 7 9 11 12 15 16 17 | 17.1
Throwing       | 1 2 3 4 6 7 |  7.0
Fighting       | 3 4 5 6 7 |  7.0
Dodging        | 1 2 |  2.4
Armour         | 2 |  2.3
Spellcasting   | |  1.0
Fire Magic     | |  2.1

Action                   |  1- 3 |  4- 6 |  7- 9 | 10-12 || total
-------------------------+-------+-------+-------+-------++-------
Melee: Unarmed           |    98 |    66 |   213 |   429 ||   806
       Punch             |     1 |     2 |     3 |    32 ||    38
Throw: Boomerang         |    10 |     4 |    21 |    29 ||    64
       Javelin           |    33 |    25 |    37 |    14 ||   109
       Large rock        |       |       |       |    32 ||    32
Invok: Fiery Armour      |       |     2 |     3 |     8 ||    13
  Use: Scroll            |     8 |     3 |     7 |     8 ||    26
       Potion            |     1 |       |     1 |     8 ||    10
Armor: Robe              |    52 |    18 |       |       ||    70
       Animal skin       |       |    14 |    72 |   141 ||   227
       Steam dragon scal |       |       |       |    55 ||    55
Dodge: Dodged            |    36 |    35 |    73 |   187 ||   331
Block: Other             |       |       |    40 |    91 ||   131
       Reflection        |       |       |     3 |     5 ||     8

Table legend:
 A = Non-vault XP
 B = Vault XP
 C = Vault XP percentage of total XP
 D = Non-vault monster count
 E = Vault monster count
 F = Vault count percentage of total count
                 A         B        C        D         E       F
            +---------+---------+-------+---------+---------+-------
      Total |   18111 |   11126 |  38.1 |     251 |      61 |  19.6
            +---------+---------+-------+---------+---------+-------
        D:1 |      10 |       0 |   0.0 |       5 |       0 |   0.0
        D:2 |      52 |      17 |  24.6 |      22 |       4 |  15.4
        D:3 |     256 |      68 |  21.0 |      15 |      11 |  42.3
        D:4 |     113 |     202 |  64.1 |      16 |       1 |   5.9
        D:5 |     691 |       0 |   0.0 |      15 |       0 |   0.0
        D:6 |     671 |       0 |   0.0 |      14 |       0 |   0.0
        D:7 |    3024 |    1387 |  31.4 |      47 |       3 |   6.0
        D:8 |    1238 |       0 |   0.0 |      31 |       0 |   0.0
        D:9 |    1927 |    5309 |  73.4 |      43 |      21 |  32.8
       D:10 |    2561 |    2217 |  46.4 |      15 |       8 |  34.8
     Lair:1 |    4178 |     379 |   8.3 |      10 |       3 |  23.1
     Lair:2 |     317 |     651 |  67.3 |       3 |       4 |  57.1
     Lair:3 |    3073 |     896 |  22.6 |      15 |       6 |  28.6
            +---------+---------+-------+---------+---------+-------
